 Dungeon Crawl Stone Soup version 0.18-a0-1694-g9f731c2 (console) character file.

79 zxpr0jk the Skirmisher (level 4, 0/41 HPs)
             Began as a Minotaur Fighter on Apr 5, 2016.
             Killed by vampiric draining
             ... invoked by Bolverk's ghost
              (5 damage)
             ... on level 3 of the Dungeon.
             The game lasted 00:19:45 (1228 turns).

zxpr0jk the Skirmisher (Minotaur Fighter)           Turns: 1228, Time: 00:19:46

Health: 0/41       AC:  8    Str: 25    XL:     4   Next: 16%
Magic:  3/3        EV:  7    Int:  5    God:
Gold:   49         SH: 10    Dex: 11    Spells: 0 memorised, 3 levels left

rFire  . . .     SeeInvis .     a - +0 war axe
rCold  . . .     Gourm    .     b - +0 scale mail
rNeg   . . .     Faith    .     c - +0 shield
rPois  .         Spirit   .     (helmet restricted)
rElec  .         Dismiss  .     (no cloak)
rCorr  .         Reflect  .     (no gloves)
SustAt .         Harm     .     (no boots)
MR     .....                    (no amulet)
Stlth  ..........               (no ring)
                                g - +2 ring of protection

@: mighty, not resistant to hostile enchantments, extremely unstealthy
A: retaliatory headbutt, horns 2
a: no special abilities


You were on level 3 of the Dungeon.
You were not hungry.

You visited 1 branch of the dungeon, and saw 3 of its levels.

You collected 49 gold pieces.

Inventory:

Hand Weapons
 a - a +0 war axe (weapon)
Armour
 b - a +0 scale mail (worn)
 c - a +0 shield (worn)
Jewellery
 g - a +2 ring of protection (left hand)
Wands
 s - a wand of iceblast (9/15)
Scrolls
 i - a scroll of recharging {unknown}
 j - a scroll of fear {unknown}
 k - 2 scrolls of teleportation {unknown}
 m - a scroll of enchant weapon {unknown}
 q - a scroll of remove curse {unknown}
Potions
 e - 2 potions of curing {unknown}
 h - 2 potions of resistance {unknown}
 n - a potion of flight {unknown}
 p - a potion of brilliance {unknown}
 r - a potion of agility {unknown}
Comestibles
 f - 2 bread rations
 l - a meat ration
 o - a beef jerky
 t - 3 chunks of flesh


   Skills:
 + Level 4.8 Fighting
 * Level 4.3 Axes
 - Level 3.6 Armour
 - Level 3.6 Shields


You had 3 spell levels left.
You didn't know any spells.

Dungeon Overview and Level Annotations

Branches:
Dungeon (3/15)

Altars:
Cheibriados
Dithmenos
Pakellas

Annotations:
D:3 Bolverk's ghost, amateur DDNe


Innate Abilities, Weirdness & Mutations

You reflexively headbutt those who attack you in melee.
You have a pair of horns on your head.


Message History

Bolverk's ghost is heavily damaged.
You block Bolverk's ghost's attack.
Bolverk's ghost hits you but does no damage.
You closely miss Bolverk's ghost.
Bolverk's ghost is heavily damaged.
Bolverk's ghost casts a spell at you. Pain shoots through your body!
You barely miss Bolverk's ghost.
Bolverk's ghost is heavily damaged.
You block Bolverk's ghost's attack.
Bolverk's ghost points at you and mumbles some strange words.
Pain shoots through your body!
* * * LOW HITPOINT WARNING * * *
You miss Bolverk's ghost.
Bolverk's ghost is heavily damaged.
You block Bolverk's ghost's attack.
You closely miss Bolverk's ghost.
Bolverk's ghost is heavily damaged.
Bolverk's ghost is infused with unholy energy.
You die...

#.. ##.# .........
#..##..## #........
###.#.....#
.#.#.....###..>#.....#
..............##.....#
#[............##.....#
..............##..####
...#..W..#.##.##.##
.......@...#)†...#
..#..#..)....#.###
............[...#
.................#
.....>#######....#
.#.... .....# o.....
####### ..###.


You could see Bolverk's ghost and an orc (wandering).

Vanquished Creatures
  Natasha (D:3)
  An adder (D:2)
  2 worms
  2 dart slugs (D:1)
  A giant gecko (D:1)
  An orc (D:3)
  6 bats
  4 goblins (D:1)
  4 hobgoblins
  5 kobolds
  3 giant newts
  6 rats
36 creatures vanquished.

Notes
Turn   | Place    | Note
--------------------------------------------------------------
     0 | D:1      | zxpr0jk the Minotaur Fighter began the quest for the Orb.
     0 | D:1      | Reached XP level 1. HP: 19/19 MP: 0/0
   339 | D:1      | Reached XP level 2. HP: 27/27 MP: 1/1
   569 | D:1      | You fall through a shaft!
   751 | D:2      | Found an oddly glowing altar of Pakellas.
   754 | D:2      | Reached XP level 3. HP: 34/34 MP: 2/2
   762 | D:2      | Found a snail-covered altar of Cheibriados.
   926 | D:2      | Found a shadowy altar of Dithmenos.
  1212 | D:3      | Noticed Natasha
  1214 | D:3      | Noticed Bolverk's ghost (amateur DDNe)
  1217 | D:3      | Killed Natasha
  1217 | D:3      | Reached XP level 4. HP: 36/41 MP: 3/3
  1228 | D:3      | Killed from afar by Bolverk's ghost

Vault maps used:
D:1:      lightli_arrival_lavapool
D:2:      nicolae_dithmenos_through_a_glass_darkly, minitemple
D:3:      tgw_trog, serial_undead, serial_undead_c, serial_undead_b,
          serial_undead_a, serial_undead_d, uniq_grinder, uniq_natasha

Skill      XL: |  1  2  3 |
---------------+----------+-----
Fighting       | 4 |  4.8
Axes           | 3 4 |  4.3
Armour         | |  3.6
Shields        | |  3.6

Action                   |  1- 3 |  4- 6 || total
-------------------------+-------+-------++-------
Melee: War axe           |    79 |     9 ||    88
  Use: Potion            |       |     1 ||     1
  Eat: Chunk             |     1 |       ||     1
